 Dungeon Crawl Stone Soup version 0.31-a0-986-g5e6e4ef867 (webtiles) character file.

Game seed: 5360341007201119644

4116 timneilson the Ruffian (level 10, -3/69 HPs)
             Began as an Octopode Shapeshifter on Nov 24, 2023.
             Was an Initiate of Gozag.
             Engulfed by a cloud of steam (4 damage)
             ... on level 8 of the Dungeon.
             The game lasted 00:22:26 (7737 turns).

timneilson the Ruffian (Octopode Shapeshifter)      Turns: 7737, Time: 00:22:27

Health: -3/69      AC:  1    Str: 18    XL:     10   Next: 26%
Magic:  10/10      EV: 20    Int: 12    God:    Gozag
Gold:   786        SH:  0    Dex: 12    Spells: 9/9 levels left

rFire   . .          .
                       - Unarmed
rCold   + . .        (no shield)
rNeg    . . .        (helmet currently unavailable)
rPois   .            d - amulet of the acrobat
rElec   .            g - ring "Oxarhuf" {Wiz rC+ Slay+3}
rCorr   .            A - +5 ring of evasion
SInv    .            (no ring)
Will    .....        (no ring)
Stlth   ++++         (no ring)
HPRegen 0.31/turn    (no ring)
MPRegen 0.12/turn    (no ring)
                     (no ring)

%: acrobat, wizardry (x1)
@: beast-form, gold aura, hasted, very quick
A: beast (slay +3), almost no armour, amphibious, 8 rings, camouflage 1,
gelatinous body 1, (nimble swimmer 1), tentacles
a: Begin Untransformation, Renounce Religion, Potion Petition, Call Merchant,
Bribe Branch


You were on level 8 of the Dungeon.
You worshipped Gozag.
Gozag was pleased with you.
You were a hulking beast.
You visited 2 branches of the dungeon, and saw 10 of its levels.
You also visited: Ossuary.

You collected 1396 gold pieces.
You spent 44 gold pieces at shops.
You paid 566 gold pieces to Gozag.

Inventory:

Jewellery
 d - an amulet of the acrobat (around mantle)
 g - the ring "Oxarhuf" (left tentacle) {Wiz rC+ Slay+3}
   (You found it on level 2 of the Dungeon)

   [ring of wizardry]

   Wiz:       It improves your spell success rate.
   Slay+3:    It affects your accuracy & damage with ranged weapons and melee
   (+3).
   rC+:       It protects you from cold.
 s - a ring of wizardry
 A - a +5 ring of evasion (right tentacle)
Talismans
 b - a beast talisman
 c - a flux talisman
 m - a talisman of death
 o - a blade talisman
 x - a storm talisman
Wands
 l - a wand of polymorph (9)
 p - a wand of mindburst (7)
 r - a wand of flame (51)
 w - a wand of digging (5)
 y - a wand of roots (12)
Scrolls
 h - 5 scrolls of teleportation
 u - 2 scrolls of vulnerability
 v - a scroll of poison
 C - a scroll of fear {unknown}
 D - a scroll of immolation
Potions
 a - a potion of lignification
 e - 4 potions of mutation
 i - a potion of invisibility
 j - 2 potions of might
 k - 2 potions of curing
 n - 2 potions of magic
 q - 3 potions of brilliance
 t - a potion of heal wounds {unknown}
 z - a potion of attraction {unknown}
 B - a potion of cancellation {unknown}


   Skills:
 * Level 6.5 Fighting
 * Level 6.9 Dodging
 + Level 6.7 Stealth
 * Level 7.2 Unarmed Combat
 + Level 4.2 Evocations
 * Level 6.7 Shapeshifting


You had 9 spell levels left.
You didn't know any spells.
Your spell library contained the following spells:

 Spells                   Type           Power      Damage    Failure   Level
 Freeze                   Ice            0%         1d3       13%         1
 Slow                     Hex            0%         N/A       13%         1
 Confusing Touch          Hex            0%         N/A       36%         3
 Frozen Ramparts          Ice            0%         1d1       36%         3
 Hailstorm                Conj/Ice       0%         3d3       36%         3
 Sigil of Binding         Hex            0%         N/A       36%         3
 Vampiric Draining        Necr           0%         2d6       36%         3
 Anguish                  Hex/Necr       0%         N/A       75%         4
 Cause Fear               Hex            0%         N/A       75%         4
 Enfeeble                 Hex            0%         N/A       100%        7


Dungeon Overview and Level Annotations

Branches:
Dungeon (9/15)             Temple (1/1) D:4         Ossuary (visited)
   Lair: D:8-11         Orc: D:9-12

Altars:
Ashenzari
Cheibriados
Dithmenos
Fedhas
Gozag
Hepliaklqana
Kikubaaqudgha
Makhleb
Nemelex Xobeh
Okawaru
Qazlal
Ru
Sif Muna
Trog
Uskayaw
Vehumet
Wu Jian
Xom
Yredelemnul
Zin
The Shining One

Shops:
D:3 *   D:5 [   D:7 ?


Innate Abilities, Weirdness & Mutations

You are a hulking beast.
Your limbs bulge with bestial killing power. (Slay +3)
You cannot wear most types of armour.
You are amphibious.
You can wear up to eight rings at the same time.
Your skin changes colour to match your surroundings (Stealth+).
Your rubbery body absorbs attacks. (AC +1, EV +1)
((You are camouflaged when in or above water. (Stealth+)))
You have tentacles for arms and can constrict up to eight enemies at once.


Message History

The ball of steam hits you!!
The steam dragon completely misses you. x2
Things that are here:
a +0 robe; a +0 dagger; a +0 dagger You closely miss the steam dragon.
The steam dragon closely misses you. x2
You bludgeon the steam dragon! You squeeze the steam dragon.
The steam dragon is moderately wounded.
The steam dragon bites you! The steam dragon claws you.
You bludgeon the steam dragon!
The steam dragon is severely wounded.
The steam dragon breathes steam at you. The ball of steam hits you!!
* * * LOW HITPOINT WARNING * * *
The steam dragon bites you.
* * * LOW HITPOINT WARNING * * *
The steam dragon claws you.
* * * LOW HITPOINT WARNING * * *
You feel better. The steam dragon breathes steam at you.
The ball of steam misses you.
You feel yourself speed up.
You are engulfed in a cloud of scalding steam.
* * * LOW HITPOINT WARNING * * *
The steam dragon misses you. The steam dragon closely misses you.
Things that are here:
a +0 robe; a +0 dagger; a +0 dagger The steam dragon breathes steam at you.
The ball of steam misses you.
There is a stone staircase leading down, spattered with blood here.
You bludgeon the steam dragon!
The steam dragon is almost dead.
You are engulfed in a cloud of scalding steam.
* * * LOW HITPOINT WARNING * * *
The steam dragon breathes steam at you. The ball of steam misses you.
You tentacle-slap the steam dragon. You squeeze the steam dragon.
You kill the steam dragon!
You are engulfed in a cloud of scalding steam.
You die...
Your body crumbles into a pile of gold.

§.......≈§§########.....####..###
≈§.....≈≈..#.....................
§≈≈≈§≈§≈...#.#####...#..#########
..≈≈8§§....#.......#....#########
....§§.....###[>.................
...........#..>[.......##########
...........#.#.........# #..
...........###.$[(.....# #..
...........#####h#####.#### ##..
.........###....)# #....####...
...##.##.......### ####...##...
[...........##.# ##########.#....
######......##.###.....# #.#....
#.####............####...... ###
######.......#.........
###.#...............
#...#..<..####......


There were no monsters in sight!

Vanquished Creatures
  Pikel (D:7)
  A troll (D:8)
  A hornet (D:8)
  A wyvern (D:8)
  2 steam dragons
  A swamp worm (D:7)
  An acid dragon (D:9)
  3 water moccasins
  The ghost of horus123 the Digger, an amateur DEEE (D:4)
  A sky beast (D:7)
  A black bear (D:5)
  2 ice beasts
  An ogre (D:4)
  2 centaurs
  A phantom (D:6)
  4 lemures (D:7)
  3 kobold brigands
  2 bullfrogs (D:8)
  A scorpion (D:5)
  4 wights
  A killer bee (D:8)
  A howler monkey (D:5)
  4 hounds
  3 iron imps (D:8)
  4 jellies
  2 orc priests
  A gnoll bouda (D:6)
  A sleepcap (D:6)
  2 iguanas (D:4)
  6 orc wizards
  8 mummies (Ossuary)
  3 gnolls (D:6)
  7 adders
  3 shadow imps
  A white imp (D:8)
  2 ufetubi (D:7)
  A worm (D:2)
  2 dart slugs
  17 orcs
  5 ball pythons
  5 bats
  5 endoplasms
  3 giant cockroaches
  A gnoll zombie (Ossuary)
  10 hobgoblins
  3 quokkas
  2 frilled lizards
  A goblin (D:1)
  2 hobgoblin zombies (Ossuary)
  23 kobolds
  2 kobold zombies (Ossuary)
  3 orc zombies (Ossuary)
  6 rats
174 creatures vanquished.

Vanquished Creatures (others)
  A kobold (D:9)
1 creature vanquished.

Grand Total: 175 creatures vanquished

Notes
Turn   | Place    | Note
-------+----------+-------------------------------------------
     0 | D:1      | timneilson the Octopode Shapeshifter began the quest for
                  | the Orb.
     0 | D:1      | Reached XP level 1. HP: 13/13 MP: 1/1
    48 | D:1      | You fall into a shaft and drop 1 floor!
    57 | D:2      | Reached XP level 2. HP: 18/18 MP: 2/2
    76 | D:2      | Reached skill level 1 in Stealth
    81 | D:2      | Reached XP level 3. HP: 6/23 MP: 3/3
  1199 | D:2      | Identified the ring "Oxarhuf" {Wiz rC+ Slay+3}
  1246 | D:3      | Found a faded altar of an unknown god.
  1251 | D:2      | Reached XP level 4. HP: 27/29 MP: 4/4
  1460 | D:3      | Found a shadowy altar of Dithmenos.
  1461 | D:3      | Found a shimmering blue altar of Sif Muna.
  1557 | D:3      | Reached XP level 5. HP: 29/34 MP: 5/5
  1597 | D:3      | Identified the +3 leather armour of the Singing Geomancers
                  | {+Blink rN+ rCorr Dex+3}
  1792 | D:3      | Found Gyarcho's General Store.
  1870 | D:3      | Found a blossoming altar of Fedhas.
  2262 | D:4      | Noticed a water moccasin
  2266 | D:4      | Killed a water moccasin
  2267 | D:4      | Reached XP level 6. HP: 41/41 MP: 6/6
  2272 | D:4      | Found a sacrificial altar of Ru.
  2493 | D:4      | Reached skill level 4 in Unarmed Combat
  2849 | D:4      | Found a runed translucent door.
  2853 | D:4      | Noticed horus123's ghost (amateur DEEE)
  2924 | D:4      | Found a staircase to the Ecumenical Temple.
  2937 | D:4      | Reached XP level 7. HP: 37/46 MP: 7/7
  2941 | Temple   | Entered the Ecumenical Temple
  2950 | Temple   | Became a worshipper of Gozag Ym Sagoz the Greedy
  3480 | D:4      | Killed horus123's ghost
  3481 | D:4      | Reached skill level 1 in Evocations
  3547 | D:5      | Entered Level 5 of the Dungeon
  3585 | D:5      | Found Muthang's Armour Shop.
  3635 | D:5      | Found a sand-covered staircase.
  3650 | Ossuary  | Entered an ossuary
  4111 | D:5      | Reached XP level 8. HP: 19/54 MP: 8/8
  4329 | D:5      | Found a basalt altar of Yredelemnul.
  4434 | D:5      | Reached skill level 5 in Unarmed Combat
  4469 | D:5      | Reached skill level 5 in Shapeshifting
  4828 | D:6      | Reached skill level 5 in Dodging
  5040 | D:6      | Reached skill level 5 in Stealth
  5222 | D:7      | Reached XP level 9. HP: 46/60 MP: 9/9
  5299 | D:7      | Reached skill level 5 in Fighting
  5501 | D:7      | Noticed Pikel
  5826 | D:7      | Reached skill level 6 in Unarmed Combat
  5939 | D:7      | Killed Pikel
  5963 | D:7      | Bought a scroll of identify for 22 gold pieces
  5963 | D:7      | Bought a scroll of identify for 22 gold pieces
  5998 | D:8      | Noticed a hornet
  6005 | D:8      | Paralysed by a hornet for 3 turns
  6214 | D:8      | Found a shimmering altar of Xom.
  6448 | D:8      | Killed a hornet
  6549 | D:8      | Found a burning altar of Makhleb.
  6944 | D:8      | Reached XP level 10. HP: 30/68 MP: 10/10
  7120 | D:9      | Reached skill level 7 in Unarmed Combat
  7731 | D:8      | HP: 2/69 [steam dragon (3)]
  7736 | D:8      | HP: 1/69 [steam dragon] (3)]
  7737 | D:8      | Engulfed by a cloud of steam

Illustrated notes

Levels and vault maps discovered:
D:1:      wander_arrival_desolate, layout_basic
D:2:      layout_basic, minmay_between
D:3:      layout_loops_ring, fedhas_altar_1, nicolae_overflow_hidden_temple,
          nicolae_ecumenical_pavilion, serial_shops, shop
D:4:      layout_layer_cave, nicolae_ru_awakened_eye,
          minmay_temple_entry_proselytizer, ebering_ghost_reflecting_pool,
          minmay_misc_feat_ornament, minivault_14, hangedman_decor_slide_cut
D:5:      layout_cave_pools, mainiacjoe_overflow_surrounded_room, serial_shops,
          nicolae_diamond_shop, nicolae_ossuary_entry_ruins
D:6:      layout_rooms
D:7:      layout_loops_ring, serial_rivers, chequers_serial_rivers_small_3,
          chequers_serial_rivers_small_3, chequers_serial_rivers_micro_c,
          chequers_serial_rivers_small_b, worms_lemuel, uniq_pikel
D:8:      layout_rooms, lemuel_tele_altar, demons_altar
D:9:      layout_cave_pools
Temple:   nicolae_temple_two_arcs

Skill      XL: |  1  2  3  4  5  6  7  8  9 10 |
---------------+-------------------------------+-----
Stealth        | 1 2 3 4 5 6 |  6.7
Fighting       | 2 3 4 6 |  6.5
Dodging        | 3 4 5 6 |  6.9
Unarmed Combat | 4 5 6 7 |  7.2
Shapeshifting  | 4 5 6 |  6.7
Evocations     | 1 2 4 |  4.2

Action                     |  1- 3 |  4- 6 |  7- 9 | 10-12 || total
---------------------------+-------+-------+-------+-------++-------
  Melee: Unarmed           |    41 |    71 |   200 |    38 ||   350
         Constrict         |    11 |    17 |    52 |     8 ||    88
         Tentacles         |     9 |    10 |    59 |    10 ||    88
         Punch             |     2 |     5 |    10 |     2 ||    19
 Invoke: Call Merchant     |       |       |     1 |       ||     1
  Evoke: Wand              |       |       |     7 |       ||     7
    Use: Scroll            |     2 |     3 |    11 |       ||    16
         Potion            |       |       |     3 |     2 ||     5
   Stab: Sleeping          |    12 |     9 |    10 |       ||    31
 Armour: Skin              |     8 |    26 |    68 |    31 ||   133
  Dodge: Dodged            |    14 |    40 |   140 |    66 ||   260

Table legend: (Time is in decaauts)
 A = Elapsed time spent in this place.
 B = Non-inter-level travel time spent in this place.
 C = Inter-level travel time spent in this place.
 D = Time resting spent in this place.
 E = Time spent auto-exploring this place.
 F = Levels seen in this place.
 G = Mean time per level.
                   A        B        C        D        E       F      G
               +--------+--------+--------+--------+--------+-----+--------+
         Total |   7717 |   7290 |    427 |   1487 |   3655 |  11 |  701.5 |
       Dungeon |   7270 |   6859 |    411 |   1291 |   3552 |   9 |  807.8 |
        Temple |     18 |      2 |     16 |      0 |      0 |   1 |   18.0 |
       Ossuary |    427 |    427 |      0 |    196 |    103 |   1 |  427.0 |
               +--------+--------+--------+--------+--------+-----+--------+

Top non-repeatable levels by time:
     D:8: 1351 daAuts
     D:4: 1263 daAuts
     D:7: 981 daAuts
     D:3: 926 daAuts
     D:2: 859 daAuts
     D:5: 728 daAuts
     D:6: 491 daAuts
     D:1: 473 daAuts
 Ossuary: 427 daAuts
     D:9: 195 daAuts
  Temple: 18 daAuts
